AoeStats
← Hackett Geert Kasch

Four Lakes

509176601Analyzed
1v1 RM · 5d ago on Sep 25, 2026· 42m 24s· 2 players
Game mode
Random Map
Map size
Tiny (2 player)
Population
200
Speed
Normal
Resources
Standard
Victory
Conquest
Starting age
Dark Age
Ending age
Imperial Age
RankedLock teamsTeams togetherTeam positionsShared explorationLock speedFull tech treeHidden civsTurbo modeCheats
Victory
Defeat
🇲🇽 Spanish · Mexico
1051
+15
🇦🇹 Saxons · Austria
1039
-15
Streifenchilli
11:36 Feudal Age
9:51 Loom
18:46 Castle Age
21:46 Squires
28:04 Double-Bit Axe
29:52 Pikeman
41:37 Arson
Hackett Geert Kasch
0:26 Loom
10:04 Feudal Age
15:22 Wheelbarrow
15:38 Man-at-Arms
16:36 Stone Mining
17:38 Fletching
18:47 Arson
18:57 Horse Collar
20:27 Scale Mail Armor
25:15 Double-Bit Axe
27:51 Castle Age
28:35 Bodkin Arrow
29:10 Forging
31:27 Scale Barding Armor
31:42 Husbandry
31:48 Heavy Plow
35:01 Iron Casting
35:02 Bow Saw
37:14 Hand Cart
38:32 Bloodlines
40:54 Gold Mining
42:14 Chain Barding Armor
Connection lost

Rejoining the realm…

Still unreachable

The connection could not be restored.

Session expired

The server has moved on; the page needs a fresh start.